Map: Glittering Ashes LE

Players

Heavensblade - Winner!

  • Race: Protoss Protoss
  • League: Silver

Harzer

  • Race: Terran Terran
  • League: Bronze

VOD

Have the link to the VOD?

Description

Time

  • Played on: Nov. 14, 2021, 11:07 p.m.
  • Length: 31:01
Show
View Real Time Build Order
Export as new Build Order

Heavensblade Protoss - Winner!

Build Orders: Carriers 

Get SALT Encoding   

  12  0:01  Probe  
  13  0:13  Probe  
  14  0:19  Pylon  
  14  0:25  Probe  
  15  0:37  Probe (Chrono Boost)  
  16  0:45  Assimilator  
  16  0:48  Probe (Chrono Boost)  
  17  0:58  Pylon  
  17  1:06  Pylon  
  17  1:09  Probe (Chrono Boost)  
  19  1:19  Probe (Chrono Boost)  
  19  1:24  Probe (Chrono Boost)  
  19  1:28  Assimilator  
  20  1:34  Forge  
  20  1:36  Probe  
  21  1:48  Probe  
  21  1:50  Gateway  
  21  1:51  Gateway  
  22  2:02  Probe  
  23  2:14  Probe  
  24  2:24  Nexus  
  24  2:42  Photon Cannon  
  24  2:43  Photon Cannon  
  24  2:54  Photon Cannon  
  24  3:07  Pylon  
  24  3:14  Cybernetics Core  
  24  3:20  Pylon  
  24  3:28  Pylon  
  24  3:39  Zealot  
  24  3:40  Zealot  
  28  3:47  Probe (Chrono Boost)  
  29  3:58  Probe (Chrono Boost)  
  29  3:59  Protoss Ground Weapons Level 1  
  30  4:04  Probe (Chrono Boost)  
  30  4:07  Zealot  
  30  4:09  Zealot  
  35  4:12  Probe  
  36  4:23  Twilight Council  
  36  4:25  Probe (Chrono Boost)  
  38  4:39  Probe (Chrono Boost)  
  38  4:45  Probe (Chrono Boost)  
  38  4:49  Nexus  
  38  4:50  Probe  
  39  4:57  Gateway  
  40  5:03  Pylon, Probe  
  40  5:06  Assimilator  
  41  5:15  Probe  
  41  5:17  Charge  
  42  5:24  Zealot x2  
  42  5:27  Probe  
  47  5:35  Protoss Air Weapons Level 1  
  47  5:39  Probe  
  47  5:41  Pylon  
  48  5:47  Pylon  
  48  5:51  Probe (Chrono Boost)  
  48  5:54  Assimilator  
  49  6:00  Assimilator  
  49  6:03  Probe (Chrono Boost)  
  51  6:11  Probe (Chrono Boost), Assimilator  
  51  6:17  Pylon, Probe  
  52  6:28  Photon Cannon  
  52  6:29  Probe  
  52  6:30  Photon Cannon  
  52  6:32  Photon Cannon  
  53  6:35  Photon Cannon  
  53  6:40  Robotics Facility  
  53  6:42  Probe  
  54  6:53  Cybernetics Core  
  54  6:54  Probe (Chrono Boost)  
  55  6:56  Forge  
  55  7:06  Probe (Chrono Boost)  
  55  7:07  Stalker  
  59  7:16  Probe (Chrono Boost)  
  60  7:24  Probe (Chrono Boost)  
  60  7:29  Probe (Chrono Boost)  
  60  7:31  Nexus  
  60  7:35  Pylon  
  65  7:37  Stalker  
  61  7:39  Probe, Photon Cannon  
  61  7:42  Zealot x2  
  48  7:52  Probe  
  48  8:02  Immortal  
  52  8:07  Stalker  
  52  8:11  Protoss Shields Level 1  
  54  8:26  Pylon  
  54  8:28  Pylon  
  54  8:29  Protoss Air Armor Level 1  
  54  8:31  Pylon  
  54  8:37  Stalker, Probe (Chrono Boost)  
  57  8:48  Probe (Chrono Boost)  
  58  8:53  Probe (Chrono Boost)  
  59  9:00  Immortal  
  63  9:07  Stalker  
  61  9:13  Stargate  
  59  9:18  Stargate  
  53  9:28  Probe (Chrono Boost)  
  51  9:39  Probe (Chrono Boost)  
  51  9:44  Probe (Chrono Boost)  
  53  9:47  Probe (Chrono Boost)  
  54  9:54  Probe (Chrono Boost)  
  54  9:57  Probe (Chrono Boost)  
  55  10:00  Nexus  
  55  10:02  Void Ray  
  59  10:14  Stalker  
  59  10:20  Protoss Ground Armor Level 1  
  61  10:28  Fleet Beacon  
  61  10:40  Assimilator  
  60  11:12  Probe  
  69  11:20  Mothership (Chrono Boost)  
  69  11:22  Carrier  
  69  11:24  Probe  
  76  11:35  Carrier  
  76  11:36  Probe (Chrono Boost)  
  79  11:48  Probe (Chrono Boost)  
  54  12:17  Stalker  
  54  12:19  Immortal  
  49  12:32  Carrier  
  53  12:47  Stalker  
  55  12:58  Immortal  
  59  13:17  Zealot  
  59  13:18  Nexus  
  61  13:34  Pylon  
  61  14:00  Probe (Chrono Boost)  
  57  14:11  Probe (Chrono Boost)  
  57  14:15  Probe (Chrono Boost)  
  45  14:27  Probe (Chrono Boost)  
  42  14:34  Probe (Chrono Boost)  
  44  14:44  Probe (Chrono Boost)  
  44  14:45  Probe (Chrono Boost)  
  45  14:49  Probe (Chrono Boost)  
  46  15:02  Probe (Chrono Boost)  
  46  15:05  Probe (Chrono Boost)  
  48  15:13  Probe (Chrono Boost)  
  50  15:15  Probe (Chrono Boost)  
  50  15:17  Probe (Chrono Boost)  
  50  15:18  Nexus  
  51  15:29  Probe  
  52  15:41  Probe  
  53  16:00  Fleet Beacon  
  47  16:05  Photon Cannon  
  47  16:07  Photon Cannon  
  47  16:09  Photon Cannon  
  48  16:11  Probe (Chrono Boost)  
  48  16:21  Probe (Chrono Boost)  
  49  16:26  Probe (Chrono Boost)  
  50  16:44  Carrier  
  56  16:51  Probe (Chrono Boost)  
  49  17:03  Probe (Chrono Boost)  
  49  17:04  Probe (Chrono Boost)  
  51  17:08  Probe x2 (Chrono Boost)  
  53  17:16  Assimilator  
  53  17:17  Probe  
  53  17:18  Probe  
  55  17:29  Probe  
  50  17:30  Probe  
  51  17:38  Nexus  
  51  17:41  Probe  
  46  17:46  Pylon  
  46  18:00  Probe (Chrono Boost)  
  47  18:10  Probe (Chrono Boost)  
  56  18:13  Mothership (Chrono Boost)  
  56  18:18  Probe (Chrono Boost)  
  58  18:29  Probe (Chrono Boost)  
  58  18:33  Assimilator  
  58  18:38  Probe (Chrono Boost)  
  59  18:47  Carrier  
  66  18:49  Carrier, Probe (Chrono Boost)  
  73  18:58  Probe (Chrono Boost)  
  73  19:03  Anion Pulse-Crystals  
  73  19:06  Protoss Air Weapons Level 2, Probe (Chrono Boost)  
  74  19:11  Assimilator  
  74  19:15  Assimilator  
  74  19:16  Probe  
  75  19:18  Pylon  
  75  19:20  Pylon  
  75  19:22  Pylon  
  75  19:24  Pylon  
  75  19:36  Nexus  
  75  19:42  Assimilator  
  75  19:45  Probe (Chrono Boost)  
  76  19:53  Carrier  
  76  19:55  Probe (Chrono Boost)  
  74  20:00  Probe (Chrono Boost)  
  73  20:11  Probe  
  73  20:56  Nexus  
  73  20:57  Probe (Chrono Boost)  
  74  21:05  Assimilator  
  74  21:07  Probe (Chrono Boost)  
  74  21:10  Assimilator  
  75  21:12  Pylon, Probe (Chrono Boost)  
  75  21:14  Pylon  
  75  21:16  Pylon  
  76  21:19  Pylon  
  76  21:23  Probe  
  77  21:35  Probe  
  78  21:47  Probe  
  79  21:55  Carrier x2  
  79  22:00  Probe (Chrono Boost)  
  92  22:05  Probe (Chrono Boost)  
  94  22:18  Probe (Chrono Boost)  
  94  22:24  Probe (Chrono Boost)  
  94  22:27  Twilight Council  
  95  22:30  Robotics Bay, Protoss Air Armor Level 2  
  95  22:34  Pylon  
  95  22:37  Pylon  
  95  22:38  Pylon  
  95  22:53  Probe (Chrono Boost)  
  96  23:00  Carrier  
  96  23:03  Probe (Chrono Boost)  
  96  23:04  Assimilator  
  103  23:08  Probe (Chrono Boost)  
  103  23:09  Assimilator  
  104  23:15  Carrier  
  110  23:20  Probe  
  111  23:27  Protoss Ground Armor Level 2  
  111  23:32  Probe  
  112  23:42  Nexus  
  112  24:04  Carrier  
  112  24:08  Assimilator  
  112  24:09  Nexus  
  118  24:17  Probe (Chrono Boost)  
  119  24:27  Probe (Chrono Boost)  
  120  24:32  Probe (Chrono Boost)  
  120  24:36  Carrier  
  127  24:45  Probe (Chrono Boost)  
  128  24:47  Colossus  
  134  24:58  Assimilator  
  135  25:01  Probe (Chrono Boost)  
  135  25:03  Probe (Chrono Boost)  
  136  25:08  Carrier, Protoss Air Weapons Level 3 (Chrono Boost)  
  136  25:11  Probe x2 (Chrono Boost)  
  142  25:15  Probe (Chrono Boost)  
  143  25:24  Probe  
  143  25:36  Probe  
  140  25:47  Nexus  
  140  25:48  Probe  
  140  25:49  Carrier  
  142  26:10  Photon Cannon  
  142  26:12  Carrier, Photon Cannon  
  142  26:17  Photon Cannon  
  148  26:25  Pylon  
  148  26:37  Probe (Chrono Boost)  
  150  26:47  Probe (Chrono Boost)  
  150  26:48  Photon Cannon  
  150  26:50  Photon Cannon  
  150  26:52  Probe (Chrono Boost)  
  149  26:57  Carrier  
  154  27:10  Probe (Chrono Boost)  
  154  27:20  Probe (Chrono Boost)  
  155  27:25  Probe x2 (Chrono Boost)  
  155  27:29  Protoss Ground Weapons Level 2 (Chrono Boost)  
  157  27:36  Probe x2  
  159  27:48  Probe x2  
  161  27:54  Protoss Air Armor Level 3 (Chrono Boost)  
  161  28:00  Carrier, Probe  
  161  28:01  Carrier  
  175  28:12  Probe  
  164  28:34  Probe (Chrono Boost)  
  164  28:41  Assimilator  
  160  28:44  Assimilator  
  160  28:45  Probe (Chrono Boost)  
  160  28:47  Pylon  
  161  28:48  Pylon  
  161  28:50  Pylon  
  161  28:52  Pylon  
  161  28:54  Pylon  
  161  28:55  Pylon  
  161  28:57  Pylon  
  161  29:02  Pylon  
  161  29:05  Pylon  
  161  29:07  Pylon  
  161  29:10  Probe  
  161  29:12  Carrier  
  161  29:14  Carrier  
  174  29:22  Probe  
  164  29:34  Probe  
Show
View Real Time Build Order
Export as new Build Order

Harzer Terran 

Build Orders:  

Get SALT Encoding   

  12  0:00  SCV  
  13  0:13  SCV  
  14  0:18  Supply Depot  
  14  0:25  SCV  
  15  0:40  SCV  
  15  0:42  Barracks  
  16  0:54  SCV  
  17  1:00  Refinery  
  17  1:06  SCV  
  18  1:22  SCV  
  19  1:31  Supply Depot  
  19  1:36  Orbital Command  
  19  1:45  Barracks Reactor  
  19  2:02  Barracks  
  19  2:05  Barracks  
  19  2:13  SCV  
  20  2:21  Marine  
  20  2:22  Marine  
  22  2:25  SCV  
  23  2:37  Command Center  
  23  2:40  SCV  
  23  2:43  Marine x2  
  26  2:49  Barracks Tech Lab  
  26  2:51  Barracks Tech Lab  
  26  2:57  Refinery  
  26  3:14  SCV  
  27  3:22  Combat Shield, Stimpack  
  27  3:27  Marine x3  
  27  3:28  Marine  
  31  3:49  SCV  
  31  3:51  Supply Depot  
  33  3:56  Orbital Command  
  33  4:01  SCV  
  33  4:14  Supply Depot, Factory  
  33  4:26  SCV  
  34  4:33  Marine x2, Marauder x2  
  34  4:36  SCV  
  34  4:37  Supply Depot  
  34  4:38  SCV  
  42  4:48  SCV  
  42  4:49  Refinery  
  42  4:50  SCV  
  42  4:51  Marine x2  
  46  4:54  Marauder  
  46  4:59  Engineering Bay  
  48  5:00  SCV  
  48  5:02  Starport  
  48  5:03  Factory Reactor  
  49  5:13  Marine x2  
  53  5:14  Marauder  
  53  5:16  SCV  
  53  5:17  SCV  
  55  5:26  Terran Infantry Weapons Level 1  
  55  5:29  Concussive Shells  
  55  5:32  Marine x2, Marauder  
  59  5:36  SCV x2  
  61  5:51  Medivac x2  
  61  5:52  Factory Tech Lab  
  65  6:02  SCV  
  65  6:03  SCV  
  67  6:09  Marauder  
  69  6:13  Supply Depot  
  69  6:16  Supply Depot  
  69  6:24  Marauder  
  71  6:34  Marine x2, Marauder  
  75  6:45  Marine  
  76  6:51  Marine x2  
  76  6:53  SCV x2  
  80  6:56  Marauder  
  82  7:03  Supply Depot, Marauder  
  82  7:05  Supply Depot, SCV x2  
  86  7:17  Marauder  
  86  7:21  Terran Infantry Armor Level 1  
  88  8:25  SCV x2  
  94  8:27  Marauder x2  
  94  8:28  Marine x2  
  94  8:32  Medivac x2  
  100  8:45  Marine x2  
  106  8:48  Marauder x2  
  106  9:02  Medivac x2  
  108  9:03  Marine x2  
  108  9:09  Marine x2  
  112  9:21  Marine x2  
  107  9:27  Marauder  
  107  9:28  Marauder  
  110  9:49  Marauder x2  
  95  12:25  Marine  
  95  12:26  Marine x3  
  99  12:43  Marine x2  
  103  12:44  Marauder x2  
  105  13:01  Marine x2  
  109  13:06  Marauder x2  
  111  13:12  Refinery, Command Center  
  111  13:13  Refinery  
  111  13:19  Marine x2  
  113  13:22  Supply Depot  
  113  13:23  Supply Depot  
  115  13:27  Armory, Marauder x2  
  117  13:37  Marine  
  118  13:43  Medivac x2, Marine  
  118  13:45  Supply Depot  
  118  13:46  Supply Depot  
  118  13:48  Marine  
  124  13:49  Marauder  
  124  13:55  Marine  
  127  14:01  Marine  
  128  14:06  Marauder  
  129  14:13  Medivac x2  
  121  14:21  Marine x3  
  108  14:27  Marine  
  69  14:38  Marine x2  
  69  14:41  Marine  
  69  14:44  Viking  
  69  14:45  Marine, Viking  
  77  14:55  Barracks  
  77  14:56  Barracks, Marine x2  
  79  15:01  Terran Infantry Weapons Level 2  
  79  15:03  Terran Ship Weapons Level 1, Starport  
  71  15:11  Marine  
  71  15:12  Marauder  
  66  15:14  Marine x2, Viking  
  66  15:15  Viking  
  59  15:29  Marauder  
  59  15:32  Marine x2  
  59  15:33  Marauder  
  58  15:40  Medivac  
  58  15:44  Marine x2, Viking x2  
  60  15:50  Marine x2  
  60  15:51  Marauder  
  60  15:55  Marauder  
  64  16:02  Marine x2  
  56  16:07  Marine  
  56  16:08  Marine  
  56  16:10  Medivac  
  55  16:11  Marine  
  55  16:14  Medivac  
  55  16:15  Marine  
  52  16:20  Marine x2  
  52  16:23  Viking  
  56  16:29  Marine  
  57  16:33  Marine  
  57  16:38  Marine x2  
  54  16:40  Viking  
  54  16:44  Viking  
  56  16:47  Marine  
  56  16:51  Marine  
  56  16:53  Viking  
  53  16:55  Marine x2  
  48  17:05  Marine  
  44  17:09  Marine  
  44  17:10  Viking  
  44  17:13  Marine x2  
  44  17:14  Viking  
  40  17:23  Marine, Viking  
  40  17:27  Marine  
  41  17:31  Marine x2  
  39  17:40  Marine, Viking  
  40  17:44  Viking  
  40  17:45  Marine  
  40  17:49  Marine x2  
  45  17:58  Marine  
  45  17:59  SCV x2  
  45  18:02  Marine  
  49  18:07  Marine x2  
  49  18:11  SCV  
  49  18:12  SCV  
  53  18:16  Marine  
  54  18:20  Marine  
  54  18:24  SCV x2  
  54  18:27  Command Center  
  59  18:28  Starport Reactor  
  59  18:34  Marine  
  59  18:36  SCV  
  59  18:38  Marine  
  60  18:42  Barracks Reactor x2  
  60  18:44  Terran Infantry Armor Level 2  
  60  18:51  Terran Vehicle And Ship Armor Level 1  
  60  18:58  Widow Mine  
  62  19:19  Widow Mine  
  64  19:28  Medivac x2  
  64  19:29  Medivac x2  
  72  19:32  Marine x4  
  72  19:33  Marine  
  57  20:38  Viking x2  
  57  20:39  Viking x2  
  65  20:43  Marine x2  
  67  20:50  SCV  
  67  20:54  Planetary Fortress  
  68  21:02  SCV  
  69  21:14  SCV  
  70  21:25  Command Center  
  70  21:27  SCV  
  71  21:38  Command Center  
  71  22:26  SCV x2  
  73  22:35  SCV  
  74  22:38  SCV  
  74  22:39  Refinery, SCV  
  74  22:40  SCV  
  74  22:42  Refinery  
  77  22:48  SCV  
  77  22:50  SCV x2  
  77  22:51  SCV  
  81  22:52  SCV  
  81  22:56  Terran Infantry Weapons Level 3  
  82  23:00  SCV  
  82  23:01  Terran Ship Weapons Level 2  
  82  23:02  SCV  
  82  23:03  SCV x2  
  82  23:05  SCV  
  87  23:14  SCV, Orbital Command  
  87  23:15  SCV x2  
  87  23:17  SCV  
  91  23:26  SCV  
  92  23:27  SCV x2  
  92  23:29  SCV  
  95  23:39  SCV x3  
  95  23:40  SCV  
  95  23:41  SCV  
  100  23:46  Marine x2  
  100  23:47  Marine x2  
  100  23:48  Marauder x2  
  108  23:51  SCV x2  
  108  23:52  SCV x2  
  112  24:03  Medivac x2  
  112  24:04  Marine x3  
  112  24:05  Marine  
  112  24:07  Viking x2  
  112  24:09  Marauder  
  128  24:10  Marauder  
  128  24:31  Marauder x2  
  132  24:55  Thor  
  128  25:38  Thor  
  134  25:51  Marine x2  
  134  25:52  Marine x2  
  134  25:53  Marauder x2  
  142  26:09  Marine x3  
  142  26:10  Marine  
  146  26:14  Marauder x2  
  150  26:21  Medivac x2, Thor  
  150  26:22  Medivac x2  
  150  26:23  SCV x4  
  169  26:27  Marine x3  
  169  26:29  Orbital Command  
  169  26:30  Marine  
  172  26:35  SCV x4  
  172  26:36  Marauder x2  
  180  26:45  Marine x3  
  183  26:47  SCV x3  
  183  26:48  Marine  
  187  26:57  Marauder x2  
  191  27:02  Marine  
  191  27:03  Marine x2  
  191  27:04  Thor  
  200  27:55  Terran Infantry Armor Level 3  
  200  27:57  Terran Ship Weapons Level 3  
  200  28:01  Drilling Claws  
  200  28:56  Orbital Command  
  200  30:19  Missile Turret  
  200  30:22  Missile Turret  
  200  30:23  Missile Turret  
  200  30:24  Missile Turret x2  
  200  30:28  Missile Turret  
  200  30:31  Missile Turret  
  200  30:33  Missile Turret  
  200  30:35  Missile Turret x2  
Tags
 
Add a new tag
Caveats
  • Supply blocks, unpowered buildings, or Contaminate may cause inaccurate times.
  • Supply counts are checked every 10 seconds.